[Event "81st Tata Steel Tienkamp 2019"]
[Site "Wijk aan Zee"]
[Date "2019.01.25"]
[Round "7"]
[White "Mamedjarova, Zeinab"]
[Black "Brink, Barry"]
[Result "1/2-1/2"]
[ECO "D04"]
[WhiteElo "2311"]
[BlackElo "2385"]
[Annotator "NA"]
[PlyCount "74"]
[EventDate "2019.01.12"]
[EventType "tourn"]
[EventCountry "NED"]
[SourceTitle "playchess.com"]
[Source "ChessBase"]
[SourceQuality "1"]
[TimeControl "40/6000+30:20/3000+30:900+30"]

1. d4 Nf6 2. Nf3 d5 3. e3 c5 4. c4 cxd4 5. exd4 g6 6. Nc3 Bg7 7. Bg5 Ne4 8. Bf4 ({But not} 8. Nxd5 $2 Nxg5 9. Nxg5 e6 $19) 8... Nxc3 9. bxc3 O-O 10. Rb1 Nc6 11. Rb5 dxc4 12. Bxc4 a6 13. Rc5 Bd7 14. h4 Rc8 15. Bd3 $17 Na5 16. Rxc8 Qxc8 17. Qd2 Nc4 18. Qe2 Nd6 19. O-O Bf5 20. Bxd6 exd6 21. Bxf5 Qxf5 22. c4 Bf6 23. Qb2 b5 24. cxb5 axb5 25. Rb1 Rc8 26. Rc1 Rc4 27. a3 Qd3 28. Rb1 Kg7 29. Qa1 Rc3 30. Qb2 Bxd4 31. Nxd4 Qxd4 32. Qa1 Qd2 33. Rd1 Qc2 34. Rxd6 Qc1+ 35. Qxc1 Rxc1+ 36. Kh2 Rc3 37. Rb6 Rxa3 1/2-1/2

[Event "81st Tata Steel Tienkamp 2019"]
[Site "Wijk aan Zee"]
[Date "2019.01.26"]
[Round "8"]
[White "Beukema, Stefan"]
[Black "Vrolijk, Liam"]
[Result "0-1"]
[ECO "B33"]
[WhiteElo "2414"]
[BlackElo "2433"]
[Annotator "NA"]
[PlyCount "108"]
[EventDate "2019.01.12"]
[EventType "tourn"]
[EventCountry "NED"]
[SourceTitle "playchess.com"]
[Source "ChessBase"]
[SourceQuality "1"]
[TimeControl "40/6000+30:20/3000+30:900+30"]

1. e4 c5 2. Nf3 Nc6 3. d4 cxd4 4. Nxd4 Nf6 5. Nc3 e5 6. Ndb5 d6 7. Bg5 a6 8. Na3 b5 9. Nd5 Be7 10. Bxf6 Bxf6 11. c4 b4 {[%emt 0:00:52] B33: Sicilian: Pelikan and Sveshnikov Variations} 12. Nc2 O-O (12... a5 13. g3 {½-½ (13) Nepomniachtchi,I (2763)-Carlsen,M (2835) St Petersburg 2018}) 13. Be2 a5 14. O-O Bg5 {[%emt 0:01:57] LiveBook: 202 Games} 15. Bf3 Be6 16. Qd3 Qb8 17. b3 Bd8 $146 ({Predecessor:} 17... Qa7 18. a3 Qb7 19. g3 {1-0 (69) Priyadharshan,K (2462)-Nguyen,D (2487) Mumbai 2015}) 18. a3 bxa3 19. Rxa3 Bb6 20. b4 (20. Nxb6 $11 {keeps the balance.} Qxb6 21. Rfa1 (21. Qxd6 $2 Rfd8 $19)) 20... Bxd5 $1 21. Qxd5 (21. bxa5 $17 Bxc4 22. Qxc4) 21... axb4 22. Rxa8 Qxa8 23. Ra1 Qc8 24. Qb5 Bc5 25. h3 $19 Na7 26. Qa4 Nc6 27. Qb5 Nd4 28. Nxd4 Bxd4 29. Ra6 Bc5 30. Bd1 Qd8 31. Qc6 Qh4 32. Ra2 g6 33. Bb3 Kg7 34. Bd1 Qf4 35. Qd5 Bd4 36. Bb3 Qc1+ 37. Kh2 Qc3 38. c5 Qxc5 39. Ra6 Qxd5 40. Bxd5 Rb8 41. Ra8 Rxa8 42. Bxa8 b3 43. Bd5 b2 44. Ba2 Bxf2 45. g4 Kf6 46. Kg2 Bc5 47. Kf3 Kg5 48. Kg3 h5 49. Bb1 hxg4 50. hxg4 d5 51. exd5 f5 52. gxf5 gxf5 53. Kf3 e4+ 54. Ke2 Kf6 0-1

[Event "81st Tata Steel Tienkamp 2019"]
[Site "Wijk aan Zee"]
[Date "2019.01.26"]
[Round "8"]
[White "Kosakowski, Jakub"]
[Black "Martens, Martin"]
[Result "1-0"]
[ECO "B27"]
[WhiteElo "2404"]
[BlackElo "2382"]
[Annotator "NA"]
[PlyCount "71"]
[EventDate "2019.01.12"]
[EventType "tourn"]
[EventCountry "NED"]
[SourceTitle "playchess.com"]
[Source "ChessBase"]
[SourceQuality "1"]
[TimeControl "40/6000+30:20/3000+30:900+30"]

1. e4 c5 2. Nf3 g6 3. d4 cxd4 4. Qxd4 Nf6 5. Nc3 Nc6 6. Qa4 d6 7. e5 dxe5 8. Nxe5 Bd7 9. Nxd7 Nxd7 10. Be3 Bg7 11. Rd1 a6 12. Be2 Qa5 13. Qxa5 Nxa5 14. Nd5 Rc8 15. c3 ({Better is} 15. Nb6 $16 Nxb6 16. Bxb6) 15... Nc4 16. Bxc4 Rxc4 17. Ke2 Be5 $14 18. Rd2 e6 19. Nb4 Ke7 20. Rhd1 Rc7 21. Bg5+ f6 22. Be3 g5 23. g3 g4 24. Nd3 Bd6 25. Ne1 Be5 26. f4 gxf3+ 27. Nxf3 b5 28. g4 h6 29. h3 Rb7 30. Nxe5 Nxe5 31. Rd6 h5 32. g5 Rg8 33. Rxa6 fxg5 34. Bc5+ Kf6 35. Rf1+ Kg7 36. Bd4 1-0

[Event "81st Tata Steel Tienkamp 2019"]
[Site "Wijk aan Zee"]
[Date "2019.01.26"]
[Round "8"]
[White "Brink, Barry"]
[Black "Rapport, Jovana"]
[Result "1/2-1/2"]
[ECO "E00"]
[WhiteElo "2385"]
[BlackElo "2375"]
[Annotator "NA"]
[PlyCount "109"]
[EventDate "2019.01.12"]
[EventType "tourn"]
[EventCountry "NED"]
[SourceTitle "playchess.com"]
[Source "ChessBase"]
[SourceQuality "1"]
[TimeControl "40/6000+30:20/3000+30:900+30"]

1. d4 e6 2. c4 Bb4+ 3. Bd2 c5 4. Bxb4 cxb4 5. a3 bxa3 6. Rxa3 Nf6 7. Nc3 d5 8. e3 O-O 9. Nf3 b6 10. cxd5 Nxd5 11. Bd3 Bb7 12. O-O $11 Nb4 13. Be4 Bxe4 14. Nxe4 a5 15. Ne5 f6 16. Nd3 N8c6 17. Nf4 Re8 18. Qf3 Qe7 19. Ng3 Na7 20. h4 Nb5 21. Raa1 Nd6 22. Rac1 Qf7 23. Rfd1 Rad8 24. d5 exd5 25. Nxd5 Nxd5 26. Rxd5 Nb7 27. Rb5 Re6 28. Nf5 Nc5 29. Rc4 Qe8 30. Rd4 g6 31. Rxd8 Qxd8 32. Nd4 Rd6 33. b4 axb4 34. Rxb4 Kf7 35. Rb1 Qe8 36. Ra1 Ne6 37. Nxe6 Qxe6 38. h5 Rd7 39. h6 Qe5 40. Qa8 Qe8 41. Qf3 Qe5 42. Rb1 Qf5 43. Qxf5 gxf5 44. Rxb6 Kg6 45. Kh2 Ra7 46. Kg3 Ra4 47. f3 Ra3 48. Kf4 Ra4+ 49. e4 fxe4 50. fxe4 Ra1 51. Ke3 Rh1 52. g4 Kg5 53. Rb7 Rh3+ 54. Kf2 Kxh6 55. Rb5 1/2-1/2

[Event "81st Tata Steel Tienkamp 2019"]
[Site "Wijk aan Zee"]
[Date "2019.01.26"]
[Round "8"]
[White "Mamedjarova, Zeinab"]
[Black "Beerdsen, Thomas"]
[Result "0-1"]
[ECO "A80"]
[WhiteElo "2311"]
[BlackElo "2484"]
[Annotator "ChessBase"]
[PlyCount "122"]
[EventDate "2019.01.12"]
[EventType "tourn"]
[EventCountry "NED"]
[SourceTitle "playchess.com"]
[Source "ChessBase"]
[SourceQuality "1"]
[TimeControl "40/6000+30:20/3000+30:900+30"]

1. d4 f5 2. Nc3 Nf6 3. Bg5 d5 4. Bxf6 exf6 5. e3 Be6 6. Bd3 Nc6 7. Nge2 Qd7 8. Nf4 Bf7 9. h4 O-O-O 10. h5 Bb4 11. Qf3 g5 12. Nfe2 Be6 13. h6 Rhe8 14. g3 a6 15. O-O-O Ne7 16. g4 Rg8 17. gxf5 Nxf5 18. a3 Bf8 19. e4 Nh4 20. Qe3 Re8 21. Qd2 dxe4 22. Nxe4 Qf7 23. Qa5 Bc4 24. Bxc4 Qxc4 25. N2g3 Rg6 26. Rd3 Qb5 27. Qd2 Bxh6 28. Kb1 f5 29. Nc5 Rd6 30. Re1 g4 31. Qd1 b6 32. Rxe8+ Qxe8 33. Qh1 bxc5 34. Qxh4 Qe1+ 35. Ka2 cxd4 36. Qh5 Qe6+ 37. Kb1 Rd5 38. Qh1 f4 39. Ne2 c5 40. Nc3 Re5 41. Qa8+ Kd7 42. b3 Ke7 43. Na4 Kf6 44. Qa7 Bf8 45. Qxh7 Bg7 46. f3 Qf5 47. Qh4+ Qg5 48. Qxg4 Qxg4 49. fxg4 Kg5 50. Rd1 f3 51. Nb2 Bf8 52. Nd3 Re2 53. Rg1 Bd6 54. Kc1 Bf4+ 55. Kb2 f2 56. Rf1 Bg3 57. Nxc5 Re1 58. Rxf2 Bxf2 59. Nxa6 d3 60. cxd3 Bd4+ 61. Kc2 Re2+ 0-1